 Dungeon Crawl Stone Soup version 0.31.0-4-g52a2dc7128 (webtiles) character file.

Game seed: 3844018203485817209

105597 Jase the Champion of Chaos (level 16, 0/131 (143) HPs)
             Began as a Hill Orc Monk on Jan 22, 2024.
             Was the Champion of Makhleb.
             Slain by a spectral anaconda (4 damage)
             ... called from beyond by a ghost crab
             ... on level 2 of the Swamp on Jan 23, 2024.
             The game lasted 01:36:40 (19912 turns).

Jase the Champion of Chaos (Hill Orc Monk)         Turns: 19912, Time: 01:36:42

HP:   0/131 (143)   AC: 33    Str: 20    XL:     16   Next: 41%
MP:   31/31         EV:  5    Int: 10    God:    Makhleb [******]
Gold: 622           SH:  0    Dex: 15    Spells: 15/15 levels left

rFire   . . .        b - +1 war axe (flame)
rCold   + . .        (no shield)
rNeg    . . .        n - +7 plate armour {rPois}
rPois   +            c - +1 helmet {SInv}
rElec   .            x - +2 cloak
rCorr   .            r - +0 pair of gloves
SInv    +            y - +2 pair of boots
Will    +....        C - amulet of regeneration Stlth
                     U - ring of protection from cold
HPRegen 1.21/turn    t - ring of flight
MPRegen 0.22/turn

%: no passive effects
@: flying, constricted, drained
A: no striking features
a: Renounce Religion, Minor Destruction, Lesser Servant of Makhleb, Major
Destruction, Greater Servant of Makhleb


You were on level 2 of the Swamp.
You worshipped Makhleb.
Makhleb was exalted by your worship.
You visited 4 branches of the dungeon, and saw 21 of its levels.
You also visited: Ossuary.

You collected 2246 gold pieces.
You spent 1624 gold pieces at shops.

Inventory:

Hand Weapons
 a - a +4 battleaxe of venom
 b - a +1 war axe of flaming (weapon)
Missiles
 i - 21 poisoned darts
 l - 2 curare-tipped darts
 m - 8 javelins
 p - 13 boomerangs
 H - 4 darts of dispersal
Armour
 c - a +1 helmet of see invisible (worn)
 n - a +7 plate armour of poison resistance (worn)
 r - a +0 pair of gloves (worn)
 x - a +2 cloak (worn)
 y - a +2 pair of boots (worn)
Jewellery
 o - a ring of resist corrosion
 t - a ring of flight (right hand)
 C - an amulet of regeneration (around neck)
 K - a ring of protection from fire
 S - a ring of protection from fire
 U - a ring of protection from cold (left hand)
Wands
 d - a wand of roots (20)
 h - a wand of mindburst (12)
 s - a wand of polymorph (11)
 I - a wand of flame (29)
 J - a wand of paralysis (24)
 R - a wand of acid (11)
Scrolls
 e - 6 scrolls of fog
 f - a scroll of revelation {unknown}
 g - 9 scrolls of teleportation
 q - 3 scrolls of poison
 w - 3 scrolls of enchant weapon
 A - 3 scrolls of silence
 M - a scroll of blinking
 N - 7 scrolls of noise {unknown}
 P - 5 scrolls of fear {unknown}
Potions
 j - a potion of resistance
 k - 7 potions of curing
 v - 5 potions of ambrosia
 B - a potion of brilliance
 D - 3 potions of enlightenment
 E - 3 potions of mutation
 F - 5 potions of heal wounds
 G - 5 potions of attraction
 L - 2 potions of cancellation
 O - a potion of invisibility
 Q - a potion of haste
 T - a potion of berserk rage
 W - 2 potions of might
 X - 2 potions of magic
Miscellaneous
 u - a box of beasts


   Skills:
 - Level 13.0 Fighting
 + Level 18.3 Axes
 - Level 5.0 Throwing
 - Level 12.0 Armour
 - Level 2.5 Dodging
 + Level 22.8 Invocations
 + Level 6.0 Evocations


You had 15 spell levels left.
You didn't know any spells.
Your spell library contained the following spells:

 Spells                   Type           Power      Damage    Failure   Level
 Magic Dart               Conj           0%         1d3       99%         1
 Slow                     Hex            0%         N/A       99%         1
 Summon Small Mammal      Summ           0%         N/A       99%         1
 Blink                    Tloc           0%         N/A       100%        2
 Call Imp                 Summ           0%         N/A       100%        2
 Lesser Beckoning         Tloc           0%         N/A       100%        2
 Mercury Vapours          Alch/Air       0%         N/A       100%        2
 Sublimation of Blood     Necr           0%         N/A       100%        2
 Call Canine Familiar     Summ           0%         N/A       100%        3
 Confusing Touch          Hex            0%         N/A       100%        3
 Frozen Ramparts          Ice            0%         1d1       100%        3
 Gell's Gravitas          Tloc           0%         N/A       100%        3
 Mephitic Cloud           Conj/Alch/Air  0%         N/A       100%        3
 Sigil of Binding         Hex            0%         N/A       100%        3
 Teleport Other           Tloc           0%         N/A       100%        3
 Vampiric Draining        Necr           0%         2d6       100%        3
 Volatile Blastmotes      Fire/Tloc      0%         2d10      100%        3
 Animate Armour           Summ/Erth      0%         N/A       100%        4
 Dimensional Bullseye     Hex/Tloc       0%         N/A       100%        4
 Fulminant Prism          Conj/Alch      0%         3d5       100%        4
 Iskenderun's Mystic Bla  Conj/Tloc      0%         2d3       100%        4
 Leda's Liquefaction      Alch/Erth      0%         N/A       100%        4
 Petrify                  Alch/Erth      0%         N/A       100%        4
 Summon Blazeheart Golem  Fire/Summ      0%         N/A       100%        4
 Summon Lightning Spire   Summ/Air       0%         N/A       100%        4
 Freezing Cloud           Conj/Ice/Air   0%         6-21      100%        5
 Irradiate                Conj/Alch      0%         3d11      100%        5
 Lee's Rapid Deconstruct  Erth           0%         3d4*      100%        5
 Metabolic Englaciation   Hex/Ice        0%         N/A       100%        5
 Summon Forest            Summ/Tloc      0%         N/A       100%        5
 Summon Mana Viper        Hex/Summ       0%         N/A       100%        5
 Summon Cactus Giant      Summ           0%         N/A       100%        6


Dungeon Overview and Level Annotations

Branches:
Dungeon (12/15)            Temple (0/1) D:5            Lair (5/5) D:10
  Swamp (2/4) Lair:2       Spider (0/4) Lair:2        Slime (0/5) Lair:5
    Orc (2/2) D:10            Elf (0/3) Orc:2       Ossuary (visited)

Altars:
Cheibriados
Dithmenos
Elyvilon
Gozag
Hepliaklqana
Kikubaaqudgha
Makhleb
Qazlal
Sif Muna
Trog
Vehumet
Wu Jian
The Shining One
Beogh

Shops:
D:6 !   D:10 =   D:12 *   Orc:2 [!(=:

Annotations:
D:7 6 exclusions
Orc:1 2 transporters, Dinant's ghost, journeyman DsMo


Message History

Your +1 war axe of flaming bursts into flame!
b - a +1 war axe of flaming (weapon)
You are engulfed in a cloud of scalding steam.
The spectral anaconda bites you!
* * * LOW HITPOINT WARNING * * *
You feel drained.
* * * LOW HITPOINT WARNING * * *
The spectral anaconda constricts you.
* * * LOW HITPOINT WARNING * * *
The bunyip claws you!
* * * LOW HITPOINT WARNING * * *
The bunyip claws you but does no damage.
The bunyip claws you!
* * * LOW HITPOINT WARNING * * *
The nine-headed hydra is engulfed in spectral mist.
The nine-headed hydra bites you.
* * * LOW HITPOINT WARNING * * *
The nine-headed hydra bites you but does no damage.
The nine-headed hydra bites you.
* * * LOW HITPOINT WARNING * * *
The nine-headed hydra completely misses you.
The nine-headed hydra bites you but does no damage. x5
The ghost crab bites you but does no damage.
The ghost crab claws you.
* * * LOW HITPOINT WARNING * * *
You feel drained.
* * * LOW HITPOINT WARNING * * *
The will-o-the-wisp gestures.
The will-o-the-wisp conjures some marshlight! 2 foxfires come into view.
Unknown command.
Unknown command.
Blink to where?
Press: ? - help, Dir - move target The spectral anaconda's grasp on you weakens, but your attempt to escape fails.
As you read the scroll of blinking, it crumbles to dust.
You are engulfed in a cloud of scalding steam.
The foxfire is engulfed in spectral mist.
The spectral anaconda bites you.
You die...

~.~~. ..~~~~~~.
......♣♣.§~~....
.......~~~.~...♣
.~.~.~~§...).~~...
..~Z°○~v§..§~.~. ~.~
♣..~~.~°§§v~○.♣ ~.~
♣♣§..♣.Z~tntv~♣♣ ...~
...♣~.~~ZZ@○~.♣
....♣♣♣♣~~~.~~~xxD♣.~♣
.....≈♣....~~~~nZ○○♣
...
..≈≈≈≈≈.~~†~♣.~~~~.♣ ~
^.≈≈≈≈≈≈.~....~~~~.~♣
.≈≈≈≈≈.†......~~§~.~.~
.≈≈≈≈≈†~~
.$≈≈≈≈≈≈.~.♣♣...♣~~~~~


You could see a ghoul, 2 bunyips, a nine-headed hydra (very poisoned), 2 ghost
crabs, a spectral anaconda (summoned), 3 spectral spriggan berserkers, a
spectral spriggan air mage (summoned), a will-o-the-wisp and a bog body.

Vanquished Creatures
  Kirke (Swamp:1)
  Aizul (Swamp:1)
  A ghoul (Swamp:2)
  An orc warlord (Orc:1)
  A bunyip (Swamp:2)
  A fire dragon (Lair:5)
  A shambling mangrove (Swamp:1)
  6 hydras
  An alligator (Swamp:2)
  A catoblepas (Lair:5)
  An ogre mage (Orc:2)
  4 two-headed ogres
  A boulder beetle (Lair:5)
  Urug (D:12)
  Nergalle (D:10)
  A skyshark (Lair:5)
  A goliath frog (Swamp:2)
  2 bog bodies (Swamp:1)
  A lindwurm (Lair:5)
  Pikel (D:6)
  2 deep elf pyromancers (D:12)
  A manticore (D:11)
  3 orc sorcerers
  A will-o-the-wisp (Swamp:1)
  An ugly thing (D:11)
  3 cyclopes (D:12)
  11 elephants
  2 molten gargoyles (Lair:5)
  5 black mambas
  11 cane toads
  3 kobold demonologists
  A rime drake (Lair:1)
  19 komodo dragons
  4 trolls
  A polar bear (Lair:2)
  Grinder (D:3)
  8 blink frogs
  A queen bee (Lair:1)
  4 tyrant leeches
  6 hornets
  7 dream sheep (Lair:4)
  3 jumping spiders (Lair:2)
  6 slime creatures (D:12)
  3 vampires
  39 yaks
  2 culicivoras (Lair:2)
  2 shadows
  A wraith (D:10)
  4 spriggans (Swamp:1)
  A hog (Swamp:1)
  4 wyverns
  Grum (D:11)
  7 basilisks
  A redback (Lair:2)
  Menkaure (D:5)
  3 steam dragons
  3 wargs (Orc:1)
  3 vampire mosquitoes (D:12)
  4 swamp worms (Swamp:1)
  17 water moccasins
  5 hell hounds (Lair:5)
  15 orc warriors
  A sky beast (D:7)
  A swamp drake (Swamp:1)
  A black bear (D:7)
  2 ice beasts
  16 ogres
  4 centaurs
  16 wolves
  A phantom (D:10)
  A lemure (D:6)
  4 kobold brigands
  A weeping skull (Ossuary)
  An elf zombie (Ossuary)
  A bullfrog (shapeshifter) (D:11)
  2 necrophages (Swamp:2)
  14 bullfrogs
  A scorpion (D:6)
  2 burial acolytes (Ossuary)
  8 wights
  A troll zombie (D:10)
  13 killer bees
  7 electric eels
  5 howler monkeys
  4 lava snakes (Lair:5)
  A quasit (D:4)
  4 jellies (Lair:5)
  3 bombardier beetles (D:5)
  5 hounds
  A gnoll bouda (D:6)
  4 human zombies (Ossuary)
  4 iguanas
  19 orc priests
  3 sleepcaps
  19 orc wizards
  14 hell rats
  5 ogre zombies (D:10)
  2 mummies (Ossuary)
  A hound zombie (Ossuary)
  8 gnolls
  5 adders
  4 shadow imps
  2 white imps (D:7)
  3 dart slugs
  3 ribbon worms
  62 orcs
  3 bats
  9 endoplasms
  3 giant cockroaches
  8 gnoll zombies
  6 goblins
  5 hobgoblins
  5 jackals
  19 kobolds
  3 quokkas
  8 ball pythons
  5 frilled lizards
  5 gnoll skeletons (D:10)
  An orc skeleton (D:10)
  15 orc zombies
  6 rats
629 creatures vanquished.

Vanquished Creatures (collateral kills)
  3 ogre magi (Orc:2)
  16 two-headed ogres
  2 elephants (Lair:3)
  A cane toad (Lair:2)
  A komodo dragon (Lair:3)
  2 tyrant leeches (Swamp:1)
  4 blink frogs (Lair:3)
  5 yaks
  A basilisk (Lair:3)
  An acid dragon (D:12)
  2 orc warriors (Orc:2)
  8 ogres (Orc:2)
  A wolf (D:11)
  A bullfrog (D:8)
  4 killer bees (D:8)
  An orc wizard (D:8)
  2 hell rats (Lair:3)
  3 shadow imps (D:4)
  An ufetubus (D:4)
  3 orcs
  An endoplasm (D:4)
  3 jackals (D:4)
  A ball python (D:4)
67 creatures vanquished.

Vanquished Creatures (others)
  An eleionoma (Swamp:1)
  2 bloated husks (Swamp:1)
  A human (Swamp:1)
  A swamp worm (Swamp:2)
  A lava snake (Lair:5)
  12 foxfires
18 creatures vanquished.

Grand Total: 714 creatures vanquished

Notes
Turn   | Place    | Note
-------+----------+-------------------------------------------
     0 | D:1      | Jase the Hill Orc Monk began the quest for the Orb.
     0 | D:1      | Reached XP level 1. HP: 19/19 MP: 1/1
    91 | D:1      | Found a faded altar of an unknown god.
   101 | D:1      | Prayed at the altar of an unknown god.
   101 | D:1      | Became a worshipper of Makhleb the Destroyer
   101 | D:1      | Reached * piety under Makhleb
   101 | D:1      | Reached ** piety under Makhleb
   253 | D:1      | Reached XP level 2. HP: 27/27 MP: 2/2
   267 | D:1      | Reached skill level 1 in Invocations
   560 | D:1      | Reached *** piety under Makhleb
   995 | D:2      | Reached XP level 3. HP: 33/33 MP: 4/4
  1045 | D:2      | Reached skill level 2 in Invocations
  1070 | D:2      | Reached skill level 1 in Armour
  1178 | D:2      | Reached skill level 5 in Axes
  1382 | D:2      | Reached XP level 4. HP: 40/40 MP: 5/5
  1539 | D:3      | Identified the +8 falchion of Fedhas's Outrage {holy, rElec
                  | rPois Dex-4}
  1940 | D:3      | Found an opulent altar of Gozag.
  1946 | D:3      | Found a white marble altar of Elyvilon.
  1946 | D:3      | Found a shimmering blue altar of Sif Muna.
  1957 | D:3      | Found a bloodstained altar of Trog.
  1960 | D:3      | Found an ornate altar of the Wu Jian Council.
  2050 | D:3      | Noticed Grinder
  2057 | D:3      | Paralysed by Grinder for 2 turns
  2060 | D:3      | Killed Grinder
  2061 | D:3      | Reached skill level 4 in Invocations
  2061 | D:3      | Reached XP level 5. HP: 29/46 MP: 6/8
  2061 | D:3      | Reached XP level 6. HP: 33/52 MP: 6/9
  2455 | D:4      | Reached **** piety under Makhleb
  2700 | D:4      | Reached skill level 5 in Invocations
  2700 | D:4      | Reached XP level 7. HP: 58/58 MP: 10/10
  2795 | D:4      | Noticed a neqoxec
  3235 | D:5      | Entered Level 5 of the Dungeon
  3259 | D:5      | Noticed Menkaure
  3273 | D:5      | Killed Menkaure
  3274 | D:5      | Reached skill level 6 in Invocations
  3391 | D:5      | Found a shadowy altar of Dithmenos.
  3632 | D:5      | Reached skill level 5 in Armour
  3632 | D:5      | Reached XP level 8. HP: 66/66 MP: 12/12
  3662 | D:5      | Found a staircase to the Ecumenical Temple.
  4031 | D:6      | Found a stormy altar of Qazlal.
  4048 | D:6      | Reached skill level 7 in Invocations
  4133 | D:6      | Found a glowing golden altar of the Shining One.
  4201 | D:6      | Noticed Pikel
  4219 | D:6      | Killed Pikel
  4220 | D:6      | Reached skill level 8 in Invocations
  4293 | D:6      | Reached XP level 9. HP: 52/71 MP: 15/15
  4343 | D:6      | Reached ***** piety under Makhleb
  4390 | D:6      | Found Uwuf's Distillery.
  4397 | D:6      | Bought a potion of degeneration for 12 gold pieces
  4398 | D:6      | Bought a potion of curing for 36 gold pieces
  4398 | D:6      | Bought a potion of heal wounds for 60 gold pieces
  4398 | D:6      | Bought a potion of attraction for 36 gold pieces
  4398 | D:6      | Bought a potion of enlightenment for 60 gold pieces
  4398 | D:6      | Bought a potion of lignification for 36 gold pieces
  4774 | D:7      | Reached skill level 10 in Axes
  4793 | D:7      | Found a radiant altar of Vehumet.
  4945 | D:7      | Reached skill level 9 in Invocations
  5008 | D:7      | Found a sand-covered staircase.
  5034 | Ossuary  | Entered an ossuary
  5264 | Ossuary  | Reached skill level 13 in Invocations
  5264 | Ossuary  | Reached XP level 10. HP: 78/78 MP: 16/20
  5636 | D:7      | Found an ancient bone altar of Kikubaaqudgha.
  6124 | D:8      | Reached skill level 14 in Invocations
  6124 | D:8      | Reached XP level 11. HP: 85/85 MP: 21/21
  6309 | D:8      | Noticed a two-headed ogre
  6327 | D:8      | Killed a two-headed ogre
  6449 | D:8      | Reached skill level 5 in Fighting
  6562 | D:8      | Found a hazy altar of Hepliaklqana.
  6576 | D:8      | Reached skill level 15 in Axes
  7686 | D:10     | Entered Level 10 of the Dungeon
  7702 | D:10     | Found a staircase to the Lair.
  7779 | D:10     | Noticed Nergalle
  7780 | D:10     | Killed Nergalle
  7809 | D:10     | Reached ****** piety under Makhleb
  7815 | D:10     | Found a staircase to the Orcish Mines.
  7925 | D:10     | Reached skill level 15 in Invocations
  8486 | D:10     | Found a snail-covered altar of Cheibriados.
  8578 | D:10     | Found Kezxod's Jewellery Emporium.
  8937 | D:11     | Reached XP level 12. HP: 91/100 MP: 23/23
  9048 | D:11     | Noticed Grum
  9065 | D:11     | Killed Grum
  9087 | D:11     | You are sucked into a shaft and drop 1 floor!
  9120 | D:12     | Found Duatis's General Store.
  9120 | D:12     | Noticed Urug
  9130 | D:12     | Killed Urug
  9148 | D:12     | Bought a scroll of fog for 64 gold pieces
  9178 | D:12     | Reached skill level 10 in Armour
  9741 | D:12     | Reached skill level 16 in Invocations
 10289 | D:12     | Reached skill level 10 in Fighting
 10590 | Lair:1   | Entered Level 1 of the Lair of Beasts
 10665 | Lair:1   | Reached skill level 17 in Invocations
 10736 | Lair:1   | Reached XP level 13. HP: 102/114 MP: 25/25
 10929 | Lair:1   | You are sucked into a shaft and drop 1 floor!
 11416 | D:6      | Bought a potion of experience for 600 gold pieces
 11416 | D:6      | Reached skill level 19 in Invocations
 11416 | D:6      | Reached XP level 14. HP: 124/124 MP: 25/27
 12654 | Lair:2   | Reached skill level 20 in Invocations
 12820 | Lair:2   | Found a staircase to the Swamp.
 12844 | Lair:2   | Found a hole to the Spider Nest.
 13785 | Lair:4   | Reached skill level 1 in Throwing
 14497 | Lair:4   | Reached skill level 21 in Invocations
 14497 | Lair:4   | Reached XP level 15. HP: 122/135 MP: 29/29
 15516 | Orc:1    | Entered Level 1 of the Orcish Mines
 15637 | Orc:1    | Noticed Dinant's ghost (journeyman DsMo)
 15649 | Orc:1    | Found a transporter.
 15705 | D:10     | Bought a ring of protection from cold for 400 gold pieces
 15844 | Orc:1    | Noticed an orc warlord
 15854 | Orc:1    | Killed an orc warlord
 15881 | Orc:1    | Found a transporter.
 15896 | Orc:1    | Found a roughly hewn altar of Beogh.
 16331 | Lair:5   | Entered Level 5 of the Lair of Beasts
 16845 | Lair:5   | Found a staircase to the Slime Pits.
 17150 | Lair:5   | Found a large runed translucent door.
 17151 | Lair:5   | Found a large runed translucent door.
 17180 | Lair:5   | Reached skill level 5 in Throwing
 18114 | D:12     | Bought a +1 helmet of see invisible for 264 gold pieces
 18201 | Orc:2    | Entered Level 2 of the Orcish Mines
 18201 | Orc:2    | Found Lefas's Antique Armour Shop.
 18241 | Orc:2    | Found a staircase to the Elven Halls.
 18263 | Orc:2    | Reached skill level 1 in Evocations
 18411 | Orc:2    | Reached skill level 22 in Invocations
 18417 | Orc:2    | Found Sikeitsy's Distillery.
 18417 | Orc:2    | Found Hudon's Jewellery Emporium.
 18418 | Orc:2    | Found Vuhyomp's Weapon Emporium.
 18418 | Orc:2    | Found Puluk's Book Shop.
 18429 | Orc:2    | Reached XP level 16. HP: 76/143 MP: 31/31
 18507 | Orc:2    | Bought a potion of might for 56 gold pieces
 18985 | Swamp:1  | Entered Level 1 of the Swamp
 19241 | Swamp:1  | Identified the serpent talisman of Light {Will++ Str-4
                  | Int+5}
 19241 | Swamp:1  | Noticed Aizul
 19241 | Swamp:1  | Noticed Kirke
 19256 | Swamp:1  | Killed Aizul
 19257 | Swamp:1  | Reached skill level 5 in Evocations
 19261 | Swamp:1  | Killed Kirke
 19911 | Swamp:2  | HP: 4/134 [ghost crab (5)]
 19912 | Swamp:2  | Slain by a spectral anaconda

Illustrated notes

Levels and vault maps discovered:
D:1:      evilmike_arrival_fibonacci_small, layout_basic,
          hellmonk_ecumenical_altar_lost_god
D:2:      layout_rooms, minmay_pentomino_t2
D:3:      layout_loops_cross, minmay_overflow_temple_star_hex, serial_rivers,
          chequers_serial_rivers_micro_b, chequers_serial_rivers_room_b,
          chequers_serial_rivers_small_b, chequers_serial_rivers_small_3,
          uniq_grinder
D:4:      layout_basic, serial_demonic, serial_demonic_g, serial_demonic_a,
          serial_demonic_f, serial_demonic_b, minmay_starry_boxes
D:5:      layout_loops_ring, nicolae_dithmenos_shadow_blocks,
          minmay_temple_entry_mini_moons, uniq_menkaure
D:6:      layout_loops_cross, lemuel_doored_altar,
          mainiacjoe_overflow_tiny_flanked, serial_shops, shop,
          nicolae_figureground_pulse, uniq_pikel
D:7:      cheibrodos_two_vegetables, layout_loops_ring, old_standard_altar,
          mainiacjoe_overflow_concentric_impassable,
          nicolae_ossuary_entry_monument
D:8:      layout_gridville, lemuel_tele_altar, nrook_loot_triangle,
          hangedman_decor_slide_cut, nzn_life_drinkers
D:9:      layout_stronghold
D:10:     layout_stronghold, kennysheep_slug_shrine, erik_lair_orcish_takeover,
          zombieorc1_lemuel, serial_shops, nicolae_shop_peninsula,
          hangedman_decor_riveting, lightli_orcish_oven, uniq_nergalle
D:11:     layout_rooms, nrook_uturn, uniq_grum
D:12:     layout_stronghold, serial_shops, shop, minmay_holes, minivault_5,
          minmay_gold_behind_fungi, uniq_urug
Lair:1:   layout_hall_layers, special_room [special_room_bee]
Lair:2:   layout_layer_cave, swamp_mist_pool, nicolae_spider_entry_tight_spaces,
          beast_lair_carwin_6, grunt_megastairs_3
Lair:3:   layout_big_grid
Lair:4:   layout_cave_pods, chequers_serial_rivers_large_a,
          grunt_forest_small_clearing_treed, serial_bayou_shore_a
Lair:5:   cheibrodos_lair_end_hotspot, layout_regular_city,
          nicolae_slime_entry_field_trip
Swamp:1:  layout_basic_swamp, hangedman_swamp_ruin_wall, uniq_aizul, uniq_kirke
Swamp:2:  layout_basic_swamp, nicolae_swamp_triple_paths,
          infiniplex_staircase_pool
Orc:1:    layout_caves, gammafunk_ghost_arena, mines1_david
Orc:2:    st_orc_ogre_mass, layout_caves, serial_shops, shop

Skill      XL: |  1  2  3  4  5  6  7  8  9 10 11 12 13 14 15 16 |
---------------+-------------------------------------------------+-----
Invocations    | 1 2 4 5 6 8 13 14 15 17 19 21 22 | 22.8
Armour         | 1 3 5 6 7 8 9 10 12 | 12.0
Axes           | 5 6 8 9 14 15 16 17 18 | 18.3
Fighting       | 4 7 10 11 13 | 13.0
Throwing       | 3 5 |  5.0
Evocations     | 4 6 |  6.0
Dodging        | |  2.5

Action                     |  1- 3 |  4- 6 |  7- 9 | 10-12 | 13-15 | 16-18 || total
---------------------------+-------+-------+-------+-------+-------+-------++-------
  Melee: Hand axe          |    23 |       |       |       |       |       ||    23
         War axe           |    50 |    72 |   193 |   525 |   919 |     5 ||  1764
         Battleaxe         |       |       |       |       |    29 |   167 ||   196
 Invoke: Lesser Servant of |       |       |     3 |     6 |     7 |       ||    16
         Minor Destruction |       |       |       |    25 |    47 |     5 ||    77
         Major Destruction |       |       |       |     6 |    14 |     3 ||    23
         Greater Servant o |       |       |       |       |     2 |     2 ||     4
  Evoke: Box of beasts     |       |       |       |       |     1 |       ||     1
    Use: Potion            |       |     1 |     1 |       |     1 |       ||     3
         Scroll            |       |       |     6 |    10 |     7 |     3 ||    26
   Stab: Distracted        |       |       |       |     1 |     5 |     2 ||     8
         Petrified         |       |       |       |       |     4 |       ||     4
         Petrifying        |       |       |       |       |     1 |       ||     1
 Armour: Robe              |     6 |       |       |       |       |       ||     6
         Chain mail        |    32 |    61 |   176 |    52 |       |       ||   321
         Ring mail         |     7 |       |       |       |       |       ||     7
         Scale mail        |     1 |       |       |       |       |       ||     1
         Plate armour      |       |       |       |   259 |   855 |   190 ||  1304
  Dodge: Dodged            |    25 |    37 |   109 |   137 |   247 |    44 ||   599
